 Dungeon Crawl Stone Soup version 0.21.0 (webtiles) character file.

60 Timinator the Insei (level 3, 0/42 HPs)
             Began as a Vampire Transmuter on Jan 8, 2018.
             Succumbed to a gnoll's poison
             ... on level 3 of the Dungeon.
             The game lasted 00:14:54 (1233 turns).

Timinator the Insei (Vampire Transmuter)            Turns: 1233, Time: 00:14:55

Health: 0/42       AC:  2    Str: 14    XL:     3   Next: 82%
Magic:  6/6        EV: 13    Int: 15    God:
Gold:   38         SH:  0    Dex: 17    Spells: 5/6 levels left

rFire    . . .     SeeInvis +     - Unarmed
rCold    . . .     Gourm    .   (no shield)
rNeg     . . .     Faith    .   h - +0 robe
rPois    .         Spirit   .   (no helmet)
rElec    .         Reflect  .   (no cloak)
rCorr    .         Harm     .   (no gloves)
MR       .....                  (boots currently unavailable)
Stlth    ..........             (no amulet)
HPRegen  0.34/turn              i - +2 ring of dexterity
MPRegen  0.10/turn              (no ring)

@: berserking (expiring), lethally poisoned (0 -> -14), appendage, regenerating
quickly, very quick
A: fangs 3, talons 3, see invisible, unbreathing
a: End Transformation


You were on level 3 of the Dungeon.
You were full.
You had grown temporary talons.
You visited 1 branch of the dungeon, and saw 3 of its levels.

You collected 38 gold pieces.

Inventory:

Missiles
 a - 49 arrows
Armour
 h - a +0 robe (worn)
Jewellery
 i - a +2 ring of dexterity (left hand)
Scrolls
 f - 2 scrolls of enchant weapon
 g - a scroll of remove curse
 j - 2 scrolls of teleportation {unknown}
 m - a scroll of noise {unknown}
 o - a scroll of identify {unknown}
Potions
 d - 9 potions of blood
 e - a potion of haste {unknown}
 k - a potion of cancellation {unknown}
 n - a potion of berserk rage
Books
 c - a book of Changes

   Spells                             Type                      Level
   a - Beastly Appendage              Transmutation                1
   b - Sticks to Snakes               Transmutation                2
   c - Spider Form                    Transmutation/Poison         3
   d - Ice Form                       Ice/Transmutation            4
   e - Blade Hands                    Transmutation                5


   Skills:
 * Level 2.4 Fighting
 + Level 2.4 Dodging
 * Level 3.7 Unarmed Combat
 * Level 2.4 Spellcasting
 + Level 2.4 Transmutations


You had 5 spell levels left.
You knew the following spells:

 Your Spells              Type           Power        Failure   Level  Hunger
a - Beastly Appendage     Tmut           #.....       8%          1    #......


Dungeon Overview and Level Annotations

Branches:
Dungeon (3/15)

Altars:


Innate Abilities, Weirdness & Mutations

Your natural rate of healing is unusually fast.
You have razor-sharp teeth.
You have supernaturally acute eyesight. (SInv)
You can survive without breathing.
You have claws for feet.


Message History

The gnoll hits you from afar with a spear!
You feel sick.
The gnoll hits you from afar with a spear of venom.
* * * LOW HITPOINT WARNING * * *
You are more poisoned.
It was a potion of berserk rage.
A red film seems to cover your vision as you go berserk!
You feel yourself moving faster!
You feel mighty!
* * * LOW HITPOINT WARNING * * *
You feel sick.
The gnoll shouts!
You hear a shout!
The gnoll closely misses you.
You feel a strong urge to attack something.
* * * LOW HITPOINT WARNING * * *
You feel sick.
* * * LOW HITPOINT WARNING * * *
You feel sick.
You are too berserk!
You feel your anger nearly subside.
You die...

#.##.##.#
#.##.##.#
#.......# #.
####.#### #. #.#
#. #.# #. #.#
#.########.#
..####.#gg.g..@.#
........g########
.###...## #...#
#...# #...# #..g#
#...# #...#


You could see 4 gnolls.

Vanquished Creatures
  2 adders (D:2)
  An ooze (D:1)
  A dart slug (D:1)
  An orc (D:2)
  A ball python (D:1)
  8 bats
  A giant cockroach (D:1)
  5 goblins
  4 hobgoblins
  4 kobolds (D:1)
  3 frilled lizards
  3 rats (D:1)
34 creatures vanquished.

Notes
Turn   | Place    | Note
-------+----------+-------------------------------------------
     0 | D:1      | Timinator the Vampire Transmuter began the quest for the Orb.
     0 | D:1      | Reached XP level 1. HP: 14/14 MP: 3/3
    19 | D:1      | Reached skill level 1 in Fighting
    65 | D:1      | Reached XP level 2. HP: 8/22 MP: 3/5
   299 | D:1      | Reached XP level 3. HP: 22/27 MP: 6/6
  1230 | D:3      | HP: 2/42 [poisoned by a gnoll]
  1233 | D:3      | Succumbed to a gnoll's poison

Skill      XL: |  1  2 |
---------------+-------+-----
Fighting       | 1 2 |  2.4
Dodging        | |  2.4
Unarmed Combat | |  3.7
Spellcasting   | |  2.4
Transmutations | |  2.4

Action                   || total
-------------------------++-------
Melee: Unarmed           ||   134
       Bite              ||    12
       Punch             ||     1
 Cast: Beastly Appendage ||     5
  Use: Scroll            ||     4
       Potion            ||     2
 Stab: Sleeping          ||     1
  Eat: Corpse            ||     8
Armor: Robe              ||    27
Dodge: Dodged            ||    92
